 Seeded DCSS version 0.29.1-2-gbd0b4ee654 (webtiles) character file.

Game seed: 3311 (custom seed)

8941 Ashen the Frost Mage (level 11, -1/86 HPs)
             Began as a Demonspawn Ice Elementalist on Oct 27, 2022.
             Was an Elder of Vehumet.
             Slain by an eight-headed hydra (12 damage)
             ... on level 2 of the Lair of Beasts.
             The game lasted 00:35:15 (16813 turns).

Ashen the Frost Mage (Demonspawn Ice Elementalist) Turns: 16813, Time: 00:35:16

Health: -1/86      AC:  8    Str:  8    XL:     11   Next: 16%
Magic:  19/22      EV: 15    Int: 21    God:    Vehumet [****..]
Gold:   555        SH:  0    Dex: 14    Spells: 4/24 levels left

rFire   . . .      SeeInvis .   g - +1 short sword (venom)
rCold   . . .      Faith    .   (no shield)
rNeg    . . .      Spirit   .   D - +2 leather armour {Will+}
rPois   .          Reflect  .   k - +0 helmet
rElec   .          Harm     .   y - +1 cloak
rCorr   .          Rampage  .   (no gloves)
Will    +....                   (no boots)
Stlth   +++.......              (no amulet)
HPRegen 0.24/turn               (no ring)
MPRegen 0.18/turn               (no ring)

@: freezing walls
A: powered by death 1, powered by pain 2, sturdy frame 2, weakness stinger 2
a: Renounce Religion


You were on level 2 of the Lair of Beasts.
You worshipped Vehumet.
Vehumet was greatly pleased with you.
You visited 2 branches of the dungeon, and saw 12 of its levels.
You also visited: Gauntlet.

You collected 555 gold pieces.

Inventory:

Hand Weapons
 g - a +1 short sword of venom (weapon)
 o - a +2 hand axe of distortion
Missiles
 u - 3 throwing nets
Armour
 k - a +0 helmet (worn)
 y - a +1 cloak (worn)
 B - a +0 buckler
 D - a +2 leather armour of willpower (worn)
Jewellery
 A - an amulet of reflection
Wands
 e - a wand of polymorph (12)
Scrolls
 a - a scroll of immolation
 d - 4 scrolls of teleportation
 j - 2 scrolls of noise
 n - a scroll of poison
 p - 2 scrolls of identify
 r - a scroll of amnesia
 s - a scroll of vulnerability
Potions
 b - 2 potions of magic
 c - 4 potions of mutation
 f - a potion of brilliance
 h - 2 potions of attraction
 i - 2 potions of resistance
 m - a potion of ambrosia {unknown}
 t - 2 potions of flight
 w - a potion of might {unknown}
 x - a potion of berserk rage {unknown}
 z - a potion of haste {unknown}


   Skills:
 + Level 7.8 Fighting
 + Level 7.4 Dodging
 - Level 5.0 Stealth
 + Level 7.4 Spellcasting
 + Level 6.2 Conjurations
 + Level 8.0 Ice Magic


You had 4 spell levels left.
You knew the following spells:

 Your Spells              Type           Power      Damage    Failure   Level
a - Freeze                Ice            100%       1d11      1%          1
b - Frozen Ramparts       Ice            82%        1d13      1%          3
c - Ozocubu's Armour      Ice            41%        N/A       1%          3
d - Hailstorm             Conj/Ice       37%        3d9       1%          4
e - Foxfire               Conj/Fire      80%        2x1d8     1%          1
f - Summon Ice Beast      Ice/Summ       24%        N/A       16%         4
g - Sublimation of Blood  Necr           7%         N/A       13%         2
h - Blink                 Tloc           14%        N/A       13%         2

Your spell library contained the following spells:

 Spells                   Type           Power      Damage    Failure   Level
 Olgreb's Toxic Radiance  Pois           7%         N/A       21%         4
 Ice Form                 Ice/Tmut       24%        N/A       16%         4
 Confusing Touch          Hex            7%         N/A       26%         3
 Gell's Gravitas          Tloc           7%         N/A       26%         3
 Lesser Beckoning         Tloc           7%         N/A       26%         3
 Teleport Other           Tloc           7%         N/A       26%         3
 Petrify                  Tmut/Erth      7%         N/A       63%         4
 Summon Lightning Spire   Summ/Air       7%         N/A       63%         4
 Irradiate                Conj/Tmut      10%        3d15      17%         5
 Yara's Violent Unravell  Hex/Tmut       3%         3d4       50%         5
 Alistair's Intoxication  Tmut/Pois      4%         N/A       93%         5
 Borgnjor's Vile Clutch   Necr/Erth      3%         N/A       93%         5
 Manifold Assault         Tloc           7%         N/A       93%         5
 Summon Mana Viper        Hex/Summ       7%         N/A       93%         5
 Eringya's Noxious Bog    Tmut/Pois      3%         N/A       95%         6
 Dispersal                Tloc           3%         N/A       100%        6
 Enfeeble                 Hex            3%         N/A       100%        7
 Monstrous Menagerie      Summ           3%         N/A       100%        7
 Storm Form               Tmut/Air       3%         N/A       100%        7
 Maxwell's Capacitive Co  Air            3%         ∞         100%        8


Dungeon Overview and Level Annotations

Branches:
Dungeon (10/15)            Temple (0/1) D:6            Lair (2/5) D:10
  Snake (0/4) Lair:2      Gauntlet (visited)
  Swamp: Lair:2-3    Shoals: Lair:2-3       Orc: D:9-12

Altars:
Cheibriados
Dithmenos
Fedhas
Gozag
Qazlal
Ru
Sif Muna
Trog
Vehumet
Wu Jian
Xom

Shops:
D:10 (

Annotations:
D:2 1 runed translucent door, exclusion: door
D:10 1 transporter


Innate Abilities, Weirdness & Mutations

You regenerate a little health from kills.
You sometimes gain power by taking damage.
Your movements are less encumbered by armour. (ER -4)
You have a tail ending in a sharp stinger.


Message History

The elephant trunk-slaps you but does no damage.
Casting: Ozocubu's Armour (safe; 1% risk of failure)
Confirm with . or Enter, or press ? or * to list all spells.
Casting: Frozen Ramparts (safe; 1% risk of failure)
Press: ? - help, Dir - look around, f - activate The walls around you are covered in ice.
The eight-headed hydra bites you! The eight-headed hydra misses you.
The eight-headed hydra barely misses you. x2
The eight-headed hydra closely misses you.
The eight-headed hydra misses you.
The eight-headed hydra bites you but does no damage.
The eight-headed hydra closely misses you.
The elephant barely misses you. The elephant completely misses you.
Your frozen ramparts will break if you move.
Continue?
The eight-headed hydra attacks as you move away!
The eight-headed hydra closely misses you.
The eight-headed hydra bites you! x2; The eight-headed hydra bites you.
The eight-headed hydra bites you!
You focus on the pain.
You feel your power returning.
The eight-headed hydra bites you but does no damage.
The eight-headed hydra misses you.
The eight-headed hydra completely misses you.
The frozen ramparts melt away as you move.
An elephant comes into view.
The elephant trumpets!
Casting: Frozen Ramparts (safe; 1% risk of failure)
Confirm with . or Enter, or press ? or * to list all spells.
Casting: Frozen Ramparts (safe; 1% risk of failure)
Press: ? - help, Dir - look around, f - activate The walls around you are covered in ice.
The wall freezes the eight-headed hydra.
The eight-headed hydra seems to slow down.
The eight-headed hydra bites you!
The eight-headed hydra closely misses you.
The eight-headed hydra bites you. The eight-headed hydra bites you!
* * * LOW HITPOINT WARNING * * *
The eight-headed hydra misses you. The eight-headed hydra bites you!
* * * LOW HITPOINT WARNING * * *
The eight-headed hydra bites you!
You die...

.#.....####..........#
##............#......#..
##.......#....#......+..
.#.......#P...P........
#.........+..........# .
+....................#..
.##...#####..........P..
...#######P.....DY......
..............##@.##....
........................
......................Y.
#########............##.
# .........##...+.#
##............##
#########...##....#
~~~~~...##........#
########.###......#


You could see an eight-headed hydra (slow) and 2 elephants.

Vanquished Creatures
  An elephant (Lair:2)
  Maurice (D:8)
  Joseph (D:8)
  A torpor snail (Lair:2)
  2 komodo dragons (Lair:1)
  3 trolls
  A wraith (D:9)
  8 yaks
  3 wyverns
  A steam dragon (D:10)
  Duvessa (D:5)
  2 water moccasins
  2 orc warriors
  A sky beast (D:7)
  2 ice beasts (D:5)
  3 ogres
  3 centaurs
  3 phantoms
  A kobold brigand (D:8)
  A gnoll sergeant (D:10)
  6 bullfrogs
  A necrophage (D:5)
  A scorpion (D:7)
  3 wights (D:9)
  Dowan (D:5)
  13 killer bees
  5 howler monkeys
  4 hounds
  3 gnoll boudas
  A jelly (D:4)
  9 orc priests
  2 iguanas
  9 orc wizards
  3 adders
  16 gnolls
  3 shadow imps
  3 worms
  3 dart slugs
  36 orcs
  10 endoplasms
  4 giant cockroaches
  9 hobgoblins
  4 jackals (D:2)
  2 quokkas
  8 ball pythons
  4 bats
  2 frilled lizards
  3 goblins
  A goblin skeleton (D:6)
  A goblin zombie (D:6)
  3 hobgoblin zombies (D:6)
  8 kobolds
  3 kobold skeletons (D:6)
  A kobold zombie (D:6)
  An orc skeleton (D:6)
  5 rats
232 creatures vanquished.

Vanquished Creatures (collateral kills)
  Prince Ribbit (D:9)
  A centaur (D:9)
  2 wights
  A killer bee (D:9)
  A howler monkey (D:9)
6 creatures vanquished.

Vanquished Creatures (others)
  382 foxfires
  6 fungi (Lair:2)
  12 plants
400 creatures vanquished.

Grand Total: 638 creatures vanquished

Notes
Turn   | Place    | Note
-------+----------+-------------------------------------------
     0 | D:1      | Ashen the Demonspawn Ice Elementalist began the quest for
                  | the Orb.
     0 | D:1      | Reached XP level 1. HP: 13/13 MP: 3/3
   211 | D:1      | Gained mutation: Your movements are slightly less
                  | encumbered by armour. (ER -2) [demonic ancestry]
   211 | D:1      | Reached XP level 2. HP: 9/20 MP: 1/5
  1151 | D:1      | Reached skill level 1 in Fighting
  1498 | D:2      | Gained mutation: Your movements are less encumbered by
                  | armour. (ER -4) [demonic ancestry]
  1498 | D:2      | Reached XP level 3. HP: 26/26 MP: 6/6
  1949 | D:2      | Learned a level 3 spell: Frozen Ramparts
  2204 | D:2      | Found a runed translucent door.
  2224 | D:2      | Found a faded altar of an unknown god.
  2899 | D:3      | Found a shimmering blue altar of Sif Muna.
  3117 | D:3      | Found a radiant altar of Vehumet.
  3129 | D:3      | Became a worshipper of Vehumet
  3605 | D:3      | Reached skill level 4 in Ice Magic
  3605 | D:3      | Reached XP level 4. HP: 18/32 MP: 3/7
  3763 | D:3      | Reached XP level 5. HP: 16/38 MP: 0/9
  3768 | D:3      | Learned a level 3 spell: Ozocubu's Armour
  4886 | D:3      | Gained mutation: You sometimes gain a little power by
                  | taking damage. [demonic ancestry]
  4886 | D:3      | Reached XP level 6. HP: 41/46 MP: 5/10
  5498 | D:4      | Learned a level 4 spell: Hailstorm
  5503 | D:4      | Reached * piety under Vehumet
  5503 | D:4      | Offered knowledge of Foxfire by Vehumet.
  6302 | D:5      | Entered Level 5 of the Dungeon
  6302 | D:5      | Noticed an ice beast
  6324 | D:5      | Killed an ice beast
  6325 | D:5      | Reached XP level 7. HP: 22/52 MP: 10/12
  6648 | D:5      | Found a bloodstained altar of Trog.
  6655 | D:5      | Found an ornate altar of the Wu Jian Council.
  7195 | D:5      | Noticed Duvessa
  7337 | D:5      | Noticed Dowan
  7347 | D:5      | Killed Duvessa
  7348 | D:5      | Reached skill level 5 in Ice Magic
  7348 | D:5      | Killed Dowan
  7711 | D:4      | Learned a level 1 spell: Foxfire
  8094 | D:5      | Gained mutation: You have a small tail. [demonic ancestry]
  8094 | D:5      | Reached XP level 8. HP: 54/60 MP: 6/14
  8096 | D:5      | Found a blossoming altar of Fedhas.
  8145 | D:5      | Found a shadowy altar of Dithmenos.
  8145 | D:5      | Found an opulent altar of Gozag.
  8498 | D:6      | Found a staircase to the Ecumenical Temple.
  9152 | D:6      | Offered knowledge of Searing Ray by Vehumet.
  9329 | D:6      | Reached skill level 1 in Conjurations
  9623 | D:6      | Reached skill level 5 in Stealth
 10352 | D:7      | Reached ** piety under Vehumet
 10365 | D:7      | Learned a level 4 spell: Summon Ice Beast
 10490 | D:7      | Reached skill level 5 in Spellcasting
 10513 | D:7      | Reached skill level 5 in Fighting
 10655 | D:7      | Reached skill level 5 in Dodging
 10656 | D:7      | Gained mutation: You have a tail ending in a sharp stinger.
                  | [demonic ancestry]
 10656 | D:7      | Reached XP level 9. HP: 64/68 MP: 14/16
 10705 | D:7      | Reached skill level 6 in Ice Magic
 11074 | D:7      | Found a sacrificial altar of Ru.
 11509 | D:8      | Noticed Joseph
 11874 | D:8      | Killed Joseph
 12108 | D:7      | Learned a level 2 spell: Sublimation of Blood
 12266 | D:8      | Offered knowledge of Scorch by Vehumet.
 12669 | D:8      | Found a stormy altar of Qazlal.
 12721 | D:8      | Noticed Maurice
 12734 | D:8      | Killed Maurice
 13059 | D:9      | Reached *** piety under Vehumet
 13375 | D:8      | Gained mutation: You sometimes gain power by taking damage.
                  | [demonic ancestry]
 13375 | D:8      | Reached XP level 10. HP: 45/75 MP: 12/19
 13517 | D:9      | Identified the +7 scimitar "Tinkik" {antimagic, Dex+2}
 13538 | D:9      | Noticed Prince Ribbit
 13553 | D:9      | Killed Prince Ribbit
 13554 | D:9      | Reached skill level 7 in Ice Magic
 13803 | D:9      | Offered knowledge of Dazzling Flash by Vehumet.
 14412 | D:9      | Reached skill level 5 in Conjurations
 14606 | D:10     | Entered Level 10 of the Dungeon
 14606 | D:10     | Found a shimmering altar of Xom.
 14965 | D:10     | Found Xoori's Weapon Shop.
 14975 | D:10     | Reached **** piety under Vehumet
 14993 | D:10     | Offered knowledge of Olgreb's Toxic Radiance by Vehumet.
 15033 | D:10     | Found a transporter.
 15403 | D:10     | Noticed a gargoyle
 15434 | D:10     | Learned a level 2 spell: Blink
 15577 | D:10     | Found a staircase to the Lair.
 15664 | Lair:1   | Entered Level 1 of the Lair of Beasts
 15690 | Lair:1   | Gained mutation: You regenerate a little health from kills.
                  | [demonic ancestry]
 15690 | Lair:1   | Reached XP level 11. HP: 48/84 MP: 18/21
 16019 | Lair:1   | You fall into a shaft and drop 1 floor!
 16229 | Lair:2   | Found a gate leading to a gauntlet.
 16253 | Gauntlet | Entered a Gauntlet
 16253 | Gauntlet | Found a transporter.
 16262 | Gauntlet | Found a transporter.
 16270 | Gauntlet | Noticed a green death
 16278 | Gauntlet | Found a transporter.
 16282 | Gauntlet | Found a transporter.
 16285 | Gauntlet | Noticed a death scarab
 16291 | Gauntlet | Noticed a death scarab
 16292 | Gauntlet | Found a transporter.
 16317 | Gauntlet | Found a transporter.
 16323 | Gauntlet | Found a transporter.
 16324 | Gauntlet | Noticed an orange crystal statue
 16336 | Gauntlet | Found a transporter.
 16345 | Gauntlet | Noticed a reaper
 16346 | Gauntlet | Found a transporter.
 16365 | Gauntlet | Found a transporter.
 16367 | Gauntlet | Found a transporter.
 16367 | Gauntlet | Noticed an orange crystal statue
 16371 | Gauntlet | Found a runed translucent door.
 16371 | Gauntlet | Found a runed translucent door.
 16375 | Gauntlet | Found a transporter.
 16456 | Lair:2   | Noticed an eight-headed hydra
 16489 | Lair:2   | Reached skill level 8 in Ice Magic
 16590 | Lair:2   | Found a staircase to the Snake Pit.
 16751 | Lair:2   | Found a snail-covered altar of Cheibriados.
 16813 | Lair:2   | Slain by an eight-headed hydra

Illustrated notes

Levels and vault maps discovered:
D:1:      amcnicky_arrival_flooded_fountain, layout_loops_corners
D:2:      layout_basic, shapermc_ecumenical_altar_petra,
          nicolae_figureground_sparkle, uniq_crazy_yiuf_cottage
D:3:      layout_basic, nicolae_sif_muna_little_library,
          mainiacjoe_overflow_paths, serial_co_window_serial,
          co_window_of_opportunity_a, co_window_corner_a, co_window_paths_a,
          co_window_of_opportunity_a, co_window_of_opportunity_a,
          co_window_cross_3, co_window_unsneaky_path_c, co_window_corner_b,
          co_window_cross_4, co_window_unsneaky_path_c,
          co_window_of_opportunity_c, co_window_paths_d, glass_columns_a,
          glass_columns_a, glass_columns_a, glass_columns_c, glass_columns_b
D:4:      layout_layer_cave
D:5:      dreamdust_elfheim, layout_loops_cross, grunt_temple_overflow_open,
          mainiacjoe_overflow_brackets, gammafunk_temple_overflow_wave
D:6:      layout_layer_cave, nicolae_tso_besieged_by_evil,
          minmay_temple_entry_waves
D:7:      layout_loops_ring, kennysheep_mini, mainiacjoe_overflow_chevrons
D:8:      layout_gridville, mainiacjoe_overflow_small_starburst, uniq_joseph,
          uniq_maurice
D:9:      layout_big_octagon, nicolae_kite_square_tiling_tiny,
          serial_bayou_pond_e, uniq_prince_ribbit1
D:10:     layout_rooms, mainiacjoe_overflow_concentric_impassable,
          lair_entry_dummy, serial_shops, nicolae_shop_waterfront,
          grunt_ministairs_10, nicolae_diode_basic
Lair:1:   wad_woods_minihive, layout_hall_layers
Lair:2:   layout_regular_city, guppyfry_snake_entry_garden,
          gauntlet_entry_generic, minivault_25, kennysheep_snail_temple,
          grunt_megastairs_5, serial_bayou_shore_b

Skill      XL: |  1  2  3  4  5  6  7  8  9 10 11 |
---------------+----------------------------------+-----
Stealth        | 2 3 4 5 |  5.0
Dodging        | 2 3 4 5 6 7 |  7.4
Fighting       | 1 2 3 4 5 6 7 |  7.8
Ice Magic      | 4 5 6 7 8 |  8.0
Spellcasting   | 3 4 5 6 7 |  7.4
Conjurations   | 2 4 5 6 |  6.2

Action                   |  1- 3 |  4- 6 |  7- 9 | 10-12 || total
-------------------------+-------+-------+-------+-------++-------
Melee: Unarmed           |    11 |       |       |       ||    11
       Short sword       |    91 |    73 |   285 |   132 ||   581
       Punch             |       |     3 |     5 |     3 ||    11
       Tailslap          |       |       |    28 |    26 ||    54
 Cast: Freeze            |    33 |    24 |    12 |     9 ||    78
       Frozen Ramparts   |     2 |     6 |    19 |    20 ||    47
       Ozocubu's Armour  |       |     4 |    25 |    16 ||    45
       Foxfire           |       |       |   198 |    18 ||   216
       Summon Ice Beast  |       |       |     4 |     4 ||     8
       Hailstorm         |       |       |     1 |    12 ||    13
  Use: Scroll            |       |       |     5 |    11 ||    16
       Potion            |       |       |     4 |       ||     4
 Stab: Sleeping          |     6 |     2 |     4 |     1 ||    13
       Distracted        |       |       |     1 |       ||     1
Armor: Robe              |    11 |       |       |       ||    11
       Leather armour    |     9 |    22 |    67 |    60 ||   158
Dodge: Dodged            |    79 |    45 |   254 |   186 ||   564
